 Dungeon Crawl Stone Soup version 0.27-a0-1137-g3ef0f4ec91 (webtiles) character file.

Game seed: 16828969607817118458

8 kae the Skirmisher (level 2, 19/24 HPs)
             Began as a Demonspawn Abyssal Knight on May 6, 2021.
             Was an Initiate of Lugonu.
             Quit the game on level 1 of the Dungeon.
             The game lasted 00:00:45 (264 turns).

kae the Skirmisher (Demonspawn Abyssal Knight)       Turns: 264, Time: 00:00:46

Health: 19/24      AC:  3    Str: 12    XL:     2   Next: 0%
Magic:  3/3        EV: 11    Int: 13    God:    Lugonu [......]
Gold:   11         SH:  0    Dex: 12    Spells: 1/1 levels left

rFire    . . .     SeeInvis .   a - +1 falchion
rCold    . . .     Faith    .   (no shield)
rNeg     . . .     Spirit   .   b - +0 leather armour
rPois    .         Reflect  .   (no helmet)
rElec    .         Harm     .   (no cloak)
rCorr    .         Rampage  .   (no gloves)
Will     .....                  (no boots)
Stlth    +.........             (no amulet)
HPRegen  0.08/turn              (no ring)
MPRegen  0.08/turn              (no ring)

@: no status effects
A: demonic magic 1
a: Renounce Religion


You were on level 1 of the Dungeon.
You worshipped Lugonu.
Lugonu was noncommittal.
You visited 1 branch of the dungeon, and saw 1 of its levels.
You visited the Abyss 1 time.

You collected 11 gold pieces.

Inventory:

Hand Weapons
 a - a +1 falchion (weapon)
Armour
 b - a +0 leather armour (worn)


   Skills:
 - Level 3.0 Fighting
 + Level 2.5 Long Blades
 - Level 1.7 Armour
 - Level 0.8 Dodging
 - Level 2.4 Invocations


You had one spell level left.
You didn't know any spells.
Your spell library was empty.

Dungeon Overview and Level Annotations

Branches:
Dungeon (1/15)

Altars:


Innate Abilities, Weirdness & Mutations

Spells you cast may paralyse adjacent enemies.


Message History

Your surroundings suddenly seem different.
Magic restored.
Found an escape hatch in the floor.
c - a scroll labelled IMYPTY ZIUMEN A giant cockroach comes into view.
A giant cockroach is nearby!
As you read the scroll labelled IMYPTY ZIUMEN, it crumbles to dust.
Wisps of shadow whirl around you...
It was a scroll of summoning.
You hit the giant cockroach.
You kill the giant cockroach!
Lugonu accepts your kill.
You have reached level 2!
Your demonic ancestry asserts itself...
A menacing aura infuses your magic.
You swap places.
You swap places.
You see here a giant cockroach corpse.
You swap places.
You swap places.
A goblin comes into view. It is wielding a +0 dagger.
The goblin shouts!
A goblin is nearby!
A goblin is nearby!
A goblin is nearby!
You hit the goblin.
The goblin is moderately wounded.
The goblin hits you with a +0 dagger.
You closely miss the goblin.
The goblin is moderately wounded.
The goblin hits you but does no damage.
You closely miss the goblin.
The goblin is moderately wounded.
The goblin hits you with a +0 dagger.
You miss the goblin.
The goblin is moderately wounded.
The goblin barely misses you.
You riposte.
You miss the goblin. You hit the goblin.
The goblin is severely wounded.
The goblin hits you with a +0 dagger. The goblin closely misses you.
Are you sure you want to abandon this character and quit the game? (Confirm with "yes".)

... ..# #.# #.# #.. #.#
#g# #@## #Jb# ##r#
#.#####.########
..........r....#
..#####.######.########
#.# #.†....... #.#
###.######
#.########..#


You could see a goblin (ally target), a friendly endoplasm (summoned), a
friendly quokka (summoned) and a friendly bat (summoned).

Vanquished Creatures
  A white imp (Abyss:1)
  A giant cockroach (D:1)
2 creatures vanquished.

Notes
Turn   | Place    | Note
-------+----------+-------------------------------------------
     0 | Abyss:1  | kae the Demonspawn Abyssal Knight began the quest for the
                  | Orb.
     0 | Abyss:1  | Reached XP level 1. HP: 18/18 MP: 2/2
    51 | Abyss:1  | Noticed a small abomination
   106 | Abyss:1  | Noticed an ancient zyme
   114 | Abyss:1  | Noticed a wretched star
   136 | Abyss:1  | Noticed an ancient zyme
   179 | Abyss:1  | Noticed a ynoxinul
   208 | D:1      | Escaped the Abyss
   242 | D:1      | Gained mutation: Spells you cast may paralyse adjacent
                  | enemies. [demonic ancestry]
   242 | D:1      | Reached XP level 2. HP: 24/24 MP: 3/3
   264 | D:1      | Quit the game

Illustrated notes

Levels and vault maps discovered:
D:1:      minmay_arrival_five_plusses, layout_loops_ring, serial_shops,
          shop_fountains, shapermc_ecumenical_altar_mp_highgroup

Skill      XL: |  1 |
---------------+----+-----
Long Blades    | 2 |  2.5
Fighting       | |  3.0
Armour         | |  1.7
Dodging        | |  0.8
Invocations    | |  2.4

Action                   || total
-------------------------++-------
Melee: Falchion          ||     9
Invok: Depart the Abyss  ||     1
  Use: Scroll            ||     2
Armor: Leather armour    ||     1
Dodge: Dodged            ||     6
       Rpst.: Falchion   ||     3

Table legend: (Time is in decaauts)
 A = Elapsed time spent in this place.
 B = Non-inter-level travel time spent in this place.
 C = Inter-level travel time spent in this place.
 D = Time resting spent in this place.
 E = Time spent auto-exploring this place.
 F = Levels seen in this place.
 G = Mean time per level.
                   A        B        C        D        E       F      G
               +--------+--------+--------+--------+--------+-----+--------+
         Total |    265 |    265 |      0 |     24 |    148 |   2 |  132.5 |
       Dungeon |     56 |     56 |      0 |      0 |     42 |   1 |   56.0 |
         Abyss |    208 |    208 |      0 |     24 |    106 |   1 |  208.0 |
               +--------+--------+--------+--------+--------+-----+--------+

Top non-repeatable levels by time:
 Abyss:1: 208 daAuts
     D:1: 56 daAuts
